 Dungeon Crawl Stone Soup version 0.29-a0-356-g7bc237e783 (webtiles) character file.

Game seed: 17508957038998687114

553 avis the Ruffian (level 7, -1/61 HPs)
             Began as a Hill Orc Monk on Apr 25, 2022.
             Slain by a water moccasin (6 damage)
             ... on level 5 of the Dungeon.
             The game lasted 00:19:52 (4550 turns).

avis the Ruffian (Hill Orc Monk)                    Turns: 4550, Time: 00:19:53

Health: -1/61      AC:  3    Str: 16    XL:     7   Next: 29%
Magic:  10/10      EV: 12    Int: 10    God:
Gold:   307        SH:  0    Dex: 13    Spells: 7/10 levels left

rFire   . . .      SeeInvis .     - Unarmed
rCold   . . .      Faith    .   (no shield)
rNeg    . . .      Spirit   .   d - +0 leather armour
rPois   .          Reflect  +   (no helmet)
rElec   .          Harm     .   (no cloak)
rCorr   .          Rampage  .   (no gloves)
Will    .....                   (no boots)
Stlth   +.........              y - amulet of reflection
HPRegen 0.20/turn               (no ring)
MPRegen 0.12/turn               (no ring)

@: confused, lethally poisoned (-1 -> -8), ambrosia-drunk
A: no striking features
a: no special abilities


You were on level 5 of the Dungeon.
You visited 1 branch of the dungeon, and saw 6 of its levels.

You collected 307 gold pieces.

Inventory:

Hand Weapons
 b - a +0 hunting sling
 c - a +0 trident
 r - a +0 spear
 v - a +0 spear
 F - a +3 dagger
 H - a +0 trident
 I - a +0 shortbow
Missiles
 f - 112 stones (quivered)
 l - a throwing net
 x - 5 boomerangs
 B - 2 poisoned darts
Armour
 a - a +0 robe
 d - a +0 leather armour (worn)
 e - a +0 ring mail
 z - a +0 plate armour
Jewellery
 y - an amulet of reflection (around neck)
 C - an amulet of reflection
Wands
 o - a wand of mindburst (14)
Scrolls
 g - 4 scrolls of identify {unknown}
 i - a scroll of acquirement {unknown}
 m - a scroll of summoning {unknown}
 q - a scroll of fog {unknown}
 t - 2 scrolls of teleportation {unknown}
 u - a scroll of vulnerability {unknown}
 w - a scroll of torment {unknown}
 A - a scroll of enchant weapon {unknown}
 D - a scroll of fear {unknown}
 E - a scroll of amnesia {unknown}
Potions
 j - a potion of lignification {unknown}
 k - 4 potions of curing {unknown}
 n - 2 potions of haste {unknown}
 p - a potion of might {unknown}
 s - a potion of heal wounds {unknown}
 G - a potion of mutation {unknown}


   Skills:
 - Level 5.0 Fighting
 * Level 2.6 Dodging
 - Level 2.0 Stealth
 - Level 5.0 Unarmed Combat
 - Level 2.0 Spellcasting
 - Level 3.0 Transmutations
 - Level 2.0 Poison Magic


You had 7 spell levels left.
You knew the following spells:

 Your Spells              Type           Power      Damage    Failure   Level
p - Spider Form           Tmut/Pois      6%         N/A       38%         3

Your spell library contained the following spells:

 Spells                   Type           Power      Damage    Failure   Level
 Shock                    Conj/Air       4%         1d3       36%         1
 Ensorcelled Hibernation  Hex/Ice        2%         N/A       50%         2
 Swiftness                Air            1%         N/A       75%         3
 Airstrike                Air            0%         N/A       98%         4
 Anguish                  Hex/Necr       0%         N/A       98%         4


Dungeon Overview and Level Annotations

Branches:
Dungeon (6/15)
 Temple: D:4-7

Altars:
Cheibriados
Okawaru

Shops:
D:4 ?(*


Message History

The water moccasin bites you!
* * * LOW HITPOINT WARNING * * *
You hit the water moccasin but do no damage.
The water moccasin is lightly wounded.
The water moccasin barely misses you. The water moccasin bites you.
* * * LOW HITPOINT WARNING * * *
You are lethally poisoned!
The water moccasin poisons you!
You are confused.
You feel invigorated.
* * * LOW HITPOINT WARNING * * *
You feel very sick.
The water moccasin bites you but does no damage.
You feel very sick. The water moccasin bites you.
* * * LOW HITPOINT WARNING * * *
You are more poisoned.
The water moccasin poisons you!
The water moccasin completely misses you.
You're too confused to attack without stumbling around!
* * * LOW HITPOINT WARNING * * *
You feel very sick.
You bump into the rock wall.
* * * LOW HITPOINT WARNING * * *
You feel very sick. The water moccasin closely misses you.
The water moccasin attacks as you move away!
The water moccasin bites you but does no damage.
* * * LOW HITPOINT WARNING * * *
You feel very sick. The water moccasin bites you!
* * * LOW HITPOINT WARNING * * *
You completely miss the water moccasin.
The water moccasin is lightly wounded.
* * * LOW HITPOINT WARNING * * *
You feel sick. The water moccasin bites you.
* * * LOW HITPOINT WARNING * * *
The water moccasin attacks as you move away!
The water moccasin bites you.
You die...

#.....#.# #####.#.#
###.# #.# #[# #.# ##
##.########### .###
#............# ...#
#.#...>.S@...#
...#####.#..........#
.........)..........#
#..#####.#..........#
#...####............#
##..................#
##.................#
####...############
##..#


You could see a water moccasin.

Vanquished Creatures
  A centaur (D:6)
  An ogre (D:5)
  2 phantoms (D:5)
  A scorpion (D:6)
  2 hounds
  An iguana (D:5)
  4 adders
  A shadow imp (D:5)
  An ufetubus (D:2)
  2 dart slugs
  3 orcs
  7 ball pythons
  5 bats
  7 endoplasms
  5 hobgoblins
  A frilled lizard (D:3)
  2 goblins
  3 kobolds
  8 rats
57 creatures vanquished.

Notes
Turn   | Place    | Note
-------+----------+-------------------------------------------
     0 | D:1      | avis the Hill Orc Monk began the quest for the Orb.
     0 | D:1      | Reached XP level 1. HP: 19/19 MP: 1/1
   247 | D:1      | Reached XP level 2. HP: 21/27 MP: 2/2
  1006 | D:2      | Found an iron altar of Okawaru.
  1182 | D:2      | Reached XP level 3. HP: 33/33 MP: 3/3
  2171 | D:3      | Found a faded altar of an unknown god.
  2540 | D:4      | Found Aplumpax's Assorted Antiques.
  2567 | D:4      | Found Facosm's Weapon Boutique.
  2698 | D:4      | Reached XP level 4. HP: 32/41 MP: 4/4
  2817 | D:4      | Learned a level 3 spell: Spider Form
  2843 | D:4      | Reached skill level 5 in Unarmed Combat
  2959 | D:4      | Reached skill level 5 in Fighting
  3020 | D:4      | Found Gam Dipi's Magic Scroll Shoppe.
  3114 | D:4      | Found a snail-covered altar of Cheibriados.
  3307 | D:5      | Entered Level 5 of the Dungeon
  3355 | D:5      | Noticed a phantom
  3375 | D:5      | Killed a phantom
  3376 | D:5      | Reached skill level 1 in Transmutations
  3376 | D:5      | Reached skill level 1 in Poison Magic
  3376 | D:5      | Reached XP level 5. HP: 19/48 MP: 5/5
  3845 | D:5      | Reached skill level 1 in Spellcasting
  3845 | D:5      | Reached XP level 6. HP: 56/56 MP: 7/7
  4381 | D:6      | Reached XP level 7. HP: 45/61 MP: 10/10
  4548 | D:5      | HP: 3/61 [water moccasin (8)]
  4550 | D:5      | Slain by a water moccasin

Illustrated notes

Levels and vault maps discovered:
D:1:      dpeg_arrival_ratfight, layout_loops_ring, dreamdust_wishing_well,
          chequers_serial_rivers_large_a, hangedman_decor_opposing
D:2:      layout_basic, basic_altar, chequers_serial_rivers_micro_b,
          minmay_tetromino_i2
D:3:      layout_loops_cross, ebering_ecumenical_altar_box,
          minmay_misc_feat_nine_boxes
D:4:      layout_gridville, lemuel_round_altar, serial_shops,
          nicolae_diamond_shop, nicolae_shop_bloodbath_and_beyond, shop
D:5:      layout_rooms
D:6:      layout_basic, minmay_temple_entry_hall

Skill      XL: |  1  2  3  4  5  6  7 |
---------------+----------------------+-----
Fighting       | 4 5 |  5.0
Unarmed Combat | 4 5 |  5.0
Transmutations | 1 2 3 |  3.0
Poison Magic   | 1 2 |  2.0
Spellcasting   | 1 2 |  2.0
Stealth        | 2 |  2.0
Dodging        | |  2.6

Action                   |  1- 3 |  4- 6 |  7- 9 || total
-------------------------+-------+-------+-------++-------
Melee: Unarmed           |    83 |    90 |    14 ||   187
       Punch             |     2 |     2 |       ||     4
 Fire: Hunting sling     |    44 |    45 |     1 ||    90
Throw: Dart              |       |     2 |       ||     2
  Use: Potion            |       |       |     1 ||     1
 Stab: Sleeping          |     1 |       |       ||     1
Armor: Ring mail         |    29 |     4 |       ||    33
       Leather armour    |       |    10 |     4 ||    14
Dodge: Dodged            |    51 |    44 |     8 ||   103
Block: Other             |       |    18 |     6 ||    24

Table legend: (Time is in decaauts)
 A = Elapsed time spent in this place.
 B = Non-inter-level travel time spent in this place.
 C = Inter-level travel time spent in this place.
 D = Time resting spent in this place.
 E = Time spent auto-exploring this place.
 F = Levels seen in this place.
 G = Mean time per level.
                   A        B        C        D        E       F      G
               +--------+--------+--------+--------+--------+-----+--------+
         Total |   4567 |   4124 |    443 |    899 |   2389 |   6 |  761.2 |
       Dungeon |   4567 |   4124 |    443 |    899 |   2389 |   6 |  761.2 |
               +--------+--------+--------+--------+--------+-----+--------+

Top non-repeatable levels by time:
     D:5: 1040 daAuts
     D:1: 1012 daAuts
     D:2: 941 daAuts
     D:4: 802 daAuts
     D:3: 603 daAuts
     D:6: 165 daAuts
